 Dungeon Crawl Stone Soup version 0.18-a0-1312-gf98331d (webtiles) character file.

93 Reinor the Sneak (level 4, 0/23 HPs)
             Began as a Spriggan Abyssal Knight on Feb 14, 2016.
             Was a Believer of Lugonu.
             Slain by Robin
             ... wielding a +0 mace
              (9 damage)
             ... on level 2 of the Dungeon.
             The game lasted 00:06:07 (2456 turns).

Reinor the Sneak (Spriggan Abyssal Knight)          Turns: 2456, Time: 00:06:08

Health: 0/23       AC:  2    Str:  8    XL:     4   Next: 36%
Magic:  6/6        EV: 18    Int: 14    God:    Lugonu [**....]
Gold:   117        SH:  0    Dex: 15    Spells: 0 memorised, 3 levels left

rFire  . . .     SeeInvis +     a - +2 short sword
rCold  . . .     Gourm    .     b - +0 robe
rNeg   . . .     Faith    .     (shield restricted)
rPois  .         Spirit   .     (helmet restricted)
rElec  .         Dismiss  .     (no cloak)
rCorr  .         Reflect  .     (gloves unavailable)
SustAt .         Harm     .     (boots unavailable)
MR     .....                    (no amulet)
Stlth  +++.......               (no ring)
                                (no ring)

@: very quick, not resistant to hostile enchantments, fairly stealthy
A: unfitting armour, see invisible, herbivore 3, speed 3, slow metabolism 2
a: Depart the Abyss, Bend Space, Renounce Religion


You were on level 2 of the Dungeon.
You worshipped Lugonu.
Lugonu was pleased with you.
You were not hungry.

You visited 1 branch of the dungeon, and saw 2 of its levels.
You visited the Abyss 1 time.

You collected 117 gold pieces.

Inventory:

Hand Weapons
 a - a +2 short sword (weapon)
Missiles
 h - 19 poisoned needles
Armour
 b - a +0 robe (worn)
Scrolls
 f - 3 scrolls of enchant weapon
 j - a scroll of enchant armour {unknown}
 k - a scroll of magic mapping {unknown}
 m - a scroll of recharging {unknown}
 n - a scroll of identify {unknown}
 o - a scroll of random uselessness {unknown}
Potions
 d - a potion of lignification
 e - a potion of mutation {unknown}
 g - a potion of cancellation {unknown}
 i - a potion of curing {unknown}
 l - a potion of invisibility {unknown}
 p - a potion of flight {unknown}
Comestibles
 c - a bread ration


   Skills:
 - Level 2.7 Fighting
 + Level 3.4 Short Blades
 - Level 3.7 Dodging
 + Level 4.1 Stealth
 - Level 2.0 Invocations


You had 3 spell levels left.
You didn't know any spells.

Dungeon Overview and Level Annotations

Branches:
Dungeon (2/15)

Altars:
Yredelemnul

Annotations:
D:2 Robin


Innate Abilities, Weirdness & Mutations

You are tiny and cannot use many weapons and most armour.
You have supernaturally acute eyesight.
You are an herbivore.
You cover ground extremely quickly.
You need consume almost no food.


Message History

Robin zaps a wand.
The puff of flame hits you!
It is a wand of flame.
You closely miss Robin.
Robin is lightly wounded.
Robin zaps a wand.
The puff of flame misses you.
You hit Robin.
Robin is lightly wounded.
Robin hits you with a mace.
You barely miss Robin.
Robin is lightly wounded.
Robin says, "A pitiful Spriggan like you will never find the ORB!"
Robin misses you.
You hit Robin.
Robin is moderately wounded.
Robin barely misses you.
You hit Robin but do no damage.
Robin is moderately wounded.
You hit Robin.
Robin is heavily wounded.
Robin hits you with a mace!
You die...

#†#####.##.#...###.#
#.#####.##.#.#.....#
###..........#...#####
....#####.#####.##
##..# #.#####.## #..#
#........# #..#
##.####..# #.##
#.####..# #. ##.#
#.##..†@# #. ...#
#.##.#.g#### #. ####
#..........# #. #
#..###)###.... #. #
#..# #.# #.### ##. #
#..###.###.## ##.. #
####..+.._..'..#
######... #
#.....#######....
.........
#######>##..# ###
#.### #.....†.#


You could see Robin.

Vanquished Creatures
  An adder (D:2)
  A worm (D:2)
  2 giant geckos (D:1)
  3 giant cockroaches
  15 goblins
  9 hobgoblins
  14 jackals
  3 kobolds
  A ball python (D:1)
  10 bats
  2 giant newts
  5 rats (D:1)
66 creatures vanquished.

Notes
Turn   | Place    | Note
--------------------------------------------------------------
     0 | Abyss:1  | Reinor the Spriggan Abyssal Knight began the quest for the Orb.
     0 | Abyss:1  | Reached XP level 1. HP: 11/11 MP: 3/3
    75 | Abyss:2  | Noticed a giant orange brain
    92 | D:1      | Escaped the Abyss
    96 | D:1      | Noticed a ghoul
    96 | D:1      | Noticed a dwarf
    98 | D:1      | Noticed a halfling
    98 | D:1      | Noticed a human
   100 | D:1      | Noticed a vine stalker
   100 | D:1      | Noticed a vampire
   102 | D:1      | Noticed a centaur
   104 | D:1      | Noticed a gargoyle
   104 | D:1      | Noticed a felid
   106 | D:1      | Noticed an octopode
   106 | D:1      | Noticed a minotaur
   108 | D:1      | Noticed a merfolk
   108 | D:1      | Noticed a tengu
   110 | D:1      | Noticed a demigod
   110 | D:1      | Noticed a spriggan
   112 | D:1      | Noticed an ogre
   114 | D:1      | Noticed a demonspawn
   116 | D:1      | Noticed a troll
   116 | D:1      | Noticed a draconian
   118 | D:1      | Noticed a naga
   118 | D:1      | Noticed an elf
   120 | D:1      | Noticed a formicid
   136 | D:1      | Reached * piety under Lugonu
   164 | D:1      | Reached XP level 2. HP: 10/16 MP: 4/4
   319 | D:1      | Reached skill level 1 in Stealth
   799 | D:1      | Reached XP level 3. HP: 19/19 MP: 5/5
   846 | D:1      | Reached ** piety under Lugonu
  1301 | D:2      | Noticed Robin
  1392 | D:2      | Reached XP level 4. HP: 4/23 MP: 6/6
  1404 | D:2      | HP: 1/23 [hobgoblin/club[Robin] (3)]
  1746 | D:2      | Found a basalt altar of Yredelemnul.
  1915 | D:2      | Reached skill level 4 in Stealth
  2456 | D:2      | Slain by Robin

Vault maps used:
D:1:      kb_arrival_jail, minmay_surrounded
D:2:      lemuel_doored_altar, kennysheep_generic_room_2, uniq_robin
Abyss:1:  evilmike_abyss_exit_12

Action                   |  1- 3 |  4- 6 || total
-------------------------+-------+-------++-------
Melee: Short sword       |   165 |    49 ||   214
Invok: Depart the Abyss  |     1 |       ||     1
  Use: Scroll            |     3 |       ||     3
       Potion            |     1 |     1 ||     2
 Stab: Sleeping          |     3 |     2 ||     5
       Distracted        |       |     1 ||     1
